 Dungeon Crawl Stone Soup version 0.27.1-3-gb3d3a73c9e (webtiles) character file.

Game seed: 5800135917318370374

13 horus123 the Shooter (level 2, 0/16 HPs)
             Began as a Deep Elf Hunter on Oct 17, 2021.
             Slain by a bat (1 damage)
             ... on level 1 of the Dungeon.
             The game lasted 00:02:09 (298 turns).

horus123 the Shooter (Deep Elf Hunter)               Turns: 298, Time: 00:02:09

Health: 0/16       AC:  4    Str:  9    XL:     2   Next: 24%
Magic:  4/4        EV: 12    Int: 15    God:
Gold:   17         SH:  0    Dex: 15    Spells: 0/1 levels left

rFire    . . .     SeeInvis .   e - +2 short sword (protect)
rCold    . . .     Faith    .   (no shield)
rNeg     . . .     Spirit   .   c - +1 leather armour
rPois    .         Reflect  .   (no helmet)
rElec    .         Harm     .   (no cloak)
rCorr    .         Rampage  .   (no gloves)
Will     .....                  (no boots)
Stlth    ++........             (no amulet)
HPRegen  0.05/turn              (no ring)
MPRegen  0.09/turn              (no ring)

@: no status effects
A: no striking features
a: no special abilities


You were on level 1 of the Dungeon.
You visited 1 branch of the dungeon, and saw 1 of its levels.

You collected 17 gold pieces.

Inventory:

Hand Weapons
 a - a +1 shortbow
 e - a +2 short sword of protection (weapon)
Missiles
 d - 15 arrows
Armour
 c - a +1 leather armour (worn)


   Skills:
 + Level 1.5 Fighting
 * Level 6.1 Bows
 + Level 2.4 Dodging
 + Level 1.2 Stealth


You couldn't memorise any spells.
You knew the following spells:

 Your Spells              Type           Power      Damage    Failure   Level
a - Foxfire               Conj/Fire      0%         2x1d4     36%         1

Your spell library contained the following spells:

 Spells                   Type           Power      Damage    Failure   Level


Dungeon Overview and Level Annotations

Branches:
Dungeon (1/15)

Altars:


Message History

* * * LOW HITPOINT WARNING * * *
The jackal closely misses you.
Fire: arrow
Press: ? - help, Q - select action, (/) - cycle Shift-Dir - straight line, f/p - jackal
Aim: a jackal (56% to hit)
You shoot an arrow. The arrow hits the jackal.
The jackal is moderately wounded.
The jackal bites you but does no damage.
Unknown command.
Unknown command.
Unknown command.
Unknown command.
Unknown command.
Your +2 short sword of protection hums with potential!
e - a +2 short sword of protection (weapon)
The jackal closely misses you.
You hit the jackal but do no damage.
Your weapon exudes an aura of protection.
The jackal is moderately wounded.
The jackal barely misses you.
You hit the jackal.
You kill the jackal!
The bat misses you. The bat closely misses you. The bat misses you.
Items here: ( †††.
You miss the bat. The bat hits you but does no damage. The bat misses you.
You closely miss the bat. The bat hits you but does no damage.
d - 8 arrows The bat barely misses you.
You see here 7 arrows.
d - 15 arrows (gained 7)
The bat hits you but does no damage.
You barely miss the bat. The bat closely misses you. The bat misses you.
The bat hits you but does no damage. The bat misses you.
You barely miss the bat. The bat hits you.
* * * LOW HITPOINT WARNING * * *
The bat hits you but does no damage. The bat hits you.
You die...

#. #.# #.. #.# ##..
##.### ..... ....#
#...##.#.## #.#######
......#..#
#....†..#########...#.##
#######.#...†..........#
#...@..#######...##.#
#...b..# #...##..
..........# ######..
.(........# #..
....###+#.# #.. #### ###
#.# ...# .....# .......#


You could see a bat.

Vanquished Creatures
  A dart slug (D:1)
  A ball python (D:1)
  2 endoplasms (D:1)
  A hobgoblin (D:1)
  3 jackals (D:1)
  A kobold (D:1)
9 creatures vanquished.

Vanquished Creatures (others)
  A foxfire (D:1)
1 creature vanquished.

Grand Total: 10 creatures vanquished

Notes
Turn   | Place    | Note
-------+----------+-------------------------------------------
     0 | D:1      | horus123 the Deep Elf Hunter began the quest for the Orb.
     0 | D:1      | Reached XP level 1. HP: 12/12 MP: 3/3
    80 | D:1      | Found a faded altar of an unknown god.
    88 | D:1      | Got Plato's Volume of Attacks
   234 | D:1      | Reached skill level 6 in Bows
   234 | D:1      | Reached XP level 2. HP: 16/16 MP: 4/4
   254 | D:1      | Learned a level 1 spell: Foxfire
   298 | D:1      | Slain by a bat

Illustrated notes

Levels and vault maps discovered:
D:1:      dpeg_arrival_solitude, layout_basic,
          shapermc_ecumenical_altar_rom_forum, hangedman_decor_diamond_cutter

Skill      XL: |  1 |
---------------+----+-----
Bows           | 6 |  6.1
Fighting       | |  1.5
Dodging        | |  2.4
Stealth        | |  1.2

Action                   || total
-------------------------++-------
Melee: Short sword       ||     6
 Fire: Shortbow          ||    31
 Cast: Foxfire           ||     1
  Use: Scroll            ||     1
Armor: Leather armour    ||    11
Dodge: Dodged            ||    24
